 Dungeon Crawl Stone Soup version 0.30-a0-860-g512cf1e979 (webtiles) character file.

Game seed: 15635057604298372033

251 qeuew the Chopper (level 6, 0/50 (53) HPs)
             Began as a Hill Orc Fighter on Mar 7, 2023.
             Slain by a wight
             ... wielding a +1 spear of freezing
              (1 damage)
             ... on level 4 of the Dungeon.
             The game lasted 00:03:16 (2750 turns).

qeuew the Chopper (Hill Orc Fighter)                Turns: 2750, Time: 00:03:17

HP:   0/50 (53)     AC: 10    Str: 20    XL:     6   Next: 13%
MP:   3/6           EV:  9    Int:  7    God:
Gold: 289           SH:  5    Dex: 14    Spells: 5/5 levels left

rFire   . . .      SeeInvis +    a - +0 war axe
rCold   . . .      Faith    .    c - +0 buckler
rNeg    . . .      Spirit   .    b - +1 scale mail
rPois   .          Reflect  .    (no helmet)
rElec   .          Rampage  .    (no cloak)
rCorr   .                        (no gloves)
Will    .....                    (no boots) Stlth
                                 (no amulet)
HPRegen 0.28/turn                (no ring)
MPRegen 0.10/turn                (no ring)

@: drained
A: iridescent scales 1, see invisible, agile 1
a: no special abilities


You were on level 4 of the Dungeon.
You visited 1 branch of the dungeon, and saw 4 of its levels.

You collected 289 gold pieces.

Inventory:

Hand Weapons
 a - a +0 war axe (weapon)
Armour
 b - a +1 scale mail (worn)
 c - a +0 buckler (worn)
Jewellery
 k - a ring of positive energy
Scrolls
 e - a scroll of enchant armour
 h - a scroll of blinking
 l - a scroll of identify
Potions
 d - a potion of might
 f - a potion of magic
 g - 2 potions of cancellation
 i - a potion of mutation
 j - a potion of invisibility
 m - a potion of attraction {unknown}


   Skills:
 + Level 4.6 Fighting
 * Level 5.2 Axes
 * Level 4.9 Armour
 + Level 4.2 Shields


You had 5 spell levels left.
You didn't know any spells.
Your spell library was empty.

Dungeon Overview and Level Annotations

Branches:
Dungeon (4/15)
 Temple: D:4-7

Altars:
Cheibriados

Shops:
D:1 :   D:3 *


Innate Abilities, Weirdness & Mutations

You are partially covered in iridescent scales. (AC +2)
You have supernaturally acute eyesight. (SInv)
You are agile. (Dex +4, Str/Int -1)


Message History

You slash the wight!
The wight is heavily damaged.
You block the wight's attack.
You hit the wight.
The wight is almost destroyed.
You block the wight's attack.
The wight hits you from afar with a +1 spear of freezing.
You feel drained. The wight freezes you.
You slash the wight!
You destroy the wight!
You hit the wight but do no damage.
The wight hits you from afar with a +1 spear of freezing.
The wight freezes you. The wight closely misses you.
Your life force feels restored.
You have reached level 6!
You closely miss the wight.
The wight hits you from afar with a +1 spear of freezing.
The wight freezes you. You block the wight's attack.
The wight hits you but does no damage.
A giant cockroach comes into view.
The wight hits you with a +1 spear of freezing.
You feel drained. The wight freezes you. The wight barely misses you.
You closely miss the wight. You hit the wight but do no damage.
The wight hits you but does no damage.
The wight hits you with a +1 spear of freezing.
You feel drained. The wight freezes you.
You completely miss the wight. You hit the wight but do no damage.
The wight hits you but does no damage. You block the wight's attack.
You closely miss the wight. You barely miss the wight.
You block the wight's attack. The wight hits you with a +0 war axe!
* * * LOW HITPOINT WARNING * * *
You hit the wight.
The wight is heavily damaged.
You barely miss the giant cockroach. You hit the wight.
The wight hits you with a +0 war axe!
* * * LOW HITPOINT WARNING * * *
The wight hits you with a +1 spear of freezing.
* * * LOW HITPOINT WARNING * * *
You feel drained. The wight freezes you.
You die...

###### #..... #.....##
#### # ...#..### #..##
##. #..#......#
##.#.####...
#.....z...###...........
./....B@z#....#..###....
.......#........###.....
.....###...##...##......
.... #..###.......# .
... #..## #......## #.
#. #..## #.###..# #. #
#... #..# #..# ##. ....#
#.## #..# #.. .... ..
##.###..


You could see 2 wights and a giant cockroach.

Vanquished Creatures
  A wight (D:4)
  A hound (D:4)
  An iguana (D:4)
  An orc wizard (D:3)
  An adder (D:4)
  2 worms
  2 dart slugs
  8 orcs (D:3)
  4 ball pythons
  10 endoplasms
  3 giant cockroaches
  9 goblins
  8 hobgoblins
  7 jackals
  8 kobolds
  7 quokkas
  3 bats
  4 frilled lizards (D:1)
  3 rats
83 creatures vanquished.

Vanquished Creatures (others)
  5 plants (D:1)
5 creatures vanquished.

Grand Total: 88 creatures vanquished

Notes
Turn   | Place    | Note
-------+----------+-------------------------------------------
     0 | D:1      | qeuew the Hill Orc Fighter began the quest for the Orb.
     0 | D:1      | Reached XP level 1. HP: 19/19 MP: 1/1
    63 | D:1      | Reached skill level 3 in Axes
    63 | D:1      | Reached XP level 2. HP: 12/27 MP: 2/2
   144 | D:1      | Found Nelez's Book Boutique.
   352 | D:1      | Reached XP level 3. HP: 33/33 MP: 3/3
  1352 | D:3      | Reached skill level 4 in Axes
  1352 | D:3      | Reached XP level 4. HP: 40/40 MP: 4/4
  1889 | D:3      | Found Uziff's General Store.
  1911 | D:3      | Reached XP level 5. HP: 46/46 MP: 5/5
  2327 | D:3      | Found a snail-covered altar of Cheibriados.
  2451 | D:3      | Gained mutation: You are partially covered in iridescent
                  | scales. (AC +2) [potion of mutation]
  2451 | D:3      | Gained mutation: You are agile. (Dex +4, Str/Int -1)
                  | [potion of mutation]
  2451 | D:3      | Gained mutation: You have supernaturally acute eyesight.
                  | (SInv) [potion of mutation]
  2700 | D:4      | Reached skill level 5 in Axes
  2745 | D:4      | Reached XP level 6. HP: 36/53 MP: 2/6
  2750 | D:4      | HP: 2/51 [wight/+0 war axe (8)]
  2750 | D:4      | Slain by a wight

Illustrated notes

Levels and vault maps discovered:
D:1:      lemuel_arrival_funnel, layout_basic, serial_shops, shop,
          serial_bayou_crossing
D:2:      layout_basic
D:3:      layout_loops_corners, marbit_many_paths, serial_shops, shop
D:4:      layout_layer_cave, mainiacjoe_overflow_two_lobes

Skill      XL: |  1  2  3  4  5 |
---------------+----------------+-----
Axes           | 3 4 5 |  5.2
Fighting       | 4 |  4.6
Armour         | 4 |  4.9
Shields        | 4 |  4.2

Action                     |  1- 3 |  4- 6 || total
---------------------------+-------+-------++-------
  Melee: War axe           |   110 |   105 ||   215
    Use: Scroll            |     3 |     2 ||     5
         Potion            |     1 |     2 ||     3
 Armour: Scale mail        |    46 |    61 ||   107
  Dodge: Dodged            |    31 |    42 ||    73
  Block: Buckler           |    29 |    23 ||    52

Table legend: (Time is in decaauts)
 A = Elapsed time spent in this place.
 B = Non-inter-level travel time spent in this place.
 C = Inter-level travel time spent in this place.
 D = Time resting spent in this place.
 E = Time spent auto-exploring this place.
 F = Levels seen in this place.
 G = Mean time per level.
                   A        B        C        D        E       F      G
               +--------+--------+--------+--------+--------+-----+--------+
         Total |   2829 |   2694 |    135 |      0 |   2185 |   4 |  707.2 |
       Dungeon |   2829 |   2694 |    135 |      0 |   2185 |   4 |  707.2 |
               +--------+--------+--------+--------+--------+-----+--------+

Top non-repeatable levels by time:
     D:3: 1244 daAuts
     D:2: 678 daAuts
     D:1: 674 daAuts
     D:4: 231 daAuts
